 Dungeon Crawl Stone Soup version 0.29-a0-284-gf9362112df (webtiles) character file.

Game seed: 9141935864547775405

36 sammy202020 the Skirmisher (level 3, -4/24 HPs)
             Began as a Gargoyle Berserker on Mar 18, 2022.
             Was a Believer of Trog.
             Killed by divine providence
             ... invoked by an orc priest
              (10 damage)
             ... on level 3 of the Dungeon.
             The game lasted 00:02:35 (2188 turns).

sammy202020 the Skirmisher (Gargoyle Berserker)     Turns: 2188, Time: 00:02:36

Health: -4/24      AC: 11    Str: 20    XL:     3   Next: 37%
Magic:  3/3        EV: 11    Int:  9    God:    Trog [**....]
Gold:   64         SH:  0    Dex:  9    Spells: 2/2 levels left

rFire   + . .      SeeInvis .   s - +0 morningstar
rCold   + . .      Faith    .   (no shield)
rNeg    + . .      Spirit   .   a - +2 ring mail {rPois}
rPois   ∞          Reflect  .   (no helmet)
rElec   +          Harm     .   o - scarf {rC+ rF+}
rCorr   .          Rampage  .   (no gloves)
Will    .....                   k - +0 pair of boots
Stlth   ..........              (no amulet)
HPRegen 0.08/turn               (no ring)
MPRegen 0.08/turn               (no ring)

@: no status effects
A: sickness immunity, AC +3, negative energy resistance 1, electricity
resistance, torment resistance 1, petrification resistance
a: Renounce Religion, Berserk, Trog's Hand


You were on level 3 of the Dungeon.
You worshipped Trog.
Trog was pleased with you.
You visited 1 branch of the dungeon, and saw 3 of its levels.

You collected 64 gold pieces.

Inventory:

Hand Weapons
 s - a +0 morningstar (weapon)
Armour
 a - a +2 ring mail of poison resistance (worn)
 f - a +0 ring mail
 k - a +0 pair of boots (worn)
 o - a scarf of resistance (worn)
 p - a +0 cloak
Scrolls
 c - a scroll of fog {unknown}
 h - a scroll of immolation {unknown}
 i - a scroll of amnesia {unknown}
 l - a scroll of magic mapping {unknown}
 n - 3 scrolls of identify {unknown}
 q - a scroll of blinking {unknown}
 r - a scroll of vulnerability {unknown}
Potions
 b - 2 potions of cancellation {unknown}
 d - 4 potions of lignification {unknown}
 e - a potion of invisibility {unknown}
 g - a potion of brilliance {unknown}
 j - 2 potions of heal wounds {unknown}
 m - a potion of might {unknown}
 t - a potion of mutation {unknown}


   Skills:
 * Level 3.8 Fighting
 * Level 3.4 Maces & Flails
 * Level 2.9 Armour
 + Level 1.8 Dodging


You had 2 spell levels left.
You didn't know any spells.
Your spell library was empty.

Dungeon Overview and Level Annotations

Branches:
Dungeon (3/15)

Altars:
Dithmenos


Innate Abilities, Weirdness & Mutations

You are immune to sickness and miasma.
Your stone body is resilient. (AC +3)
You are immune to poison.
You resist negative energy. (rN+)
You are resistant to electric shocks. (rElec)
You are resistant to unholy torment.
You are immune to petrification.


Message History

You start removing your armour.
You continue taking off your +0 ring mail. x4
You finish taking off your +0 ring mail.
You start putting on your armour.
You continue putting on your +2 ring mail of poison resistance. x5
You finish putting on your +2 ring mail of poison resistance.
t - a metallic black potion
Found a shadowy altar of Dithmenos.
You now have 64 gold pieces (gained 11).
An orc comes into view. It is wielding a +0 club.
The orc shouts!
You hear a shout!
An orc comes into view. It is wielding a +0 hand axe.
A rat comes into view.
An orc wizard comes into view. It is wielding a +0 dagger.
The orc wizard shouts!
The orc wizard casts a spell.
The orc wizard flickers and vanishes!
Deactivating autopickup; reactivate with Ctrl-A.
An orc priest comes into view. It is wielding a +0 dagger.
You barely miss the orc.
The orc priest shouts!
The orc closely misses you.
You hit the orc.
The orc is heavily wounded.
The orc hits you with a +0 club. The orc hits you but does no damage.
You puncture the orc!
You kill the orc!
Trog accepts your kill.
The orc priest mumbles some strange prayers to Beogh against you.
Beogh smites you!
Ouch! That really hurt!
* * * LOW HITPOINT WARNING * * *
The orc hits you but does no damage.
You hit the orc.
The orc is lightly wounded.
The orc hits you with a +0 club.
* * * LOW HITPOINT WARNING * * *
The orc priest mumbles some strange prayers to Beogh against you.
Beogh smites you!
You die...

...#....## ...... .....
..##....... .# #...#
#.......#.. ...
#.#.###.........#
....####.#..#..........#
.........#..#...........
..#......#..#...........
.......@................
......ro................
.#......._.#............
#.........#............
#.........#...........#
....o....#.##..........#
##.......#.##...........
#.......#.##..........#
##<.........


You could see an orc priest, an orc and a rat.

Vanquished Creatures
  An orc (D:3)
  A bat (D:2)
  3 endoplasms
  2 giant cockroaches
  5 goblins
  7 hobgoblins
  3 kobolds
  2 quokkas (D:1)
  A ball python (D:2)
  2 frilled lizards
  2 rats
29 creatures vanquished.

Notes
Turn   | Place    | Note
-------+----------+-------------------------------------------
     0 | D:1      | sammy202020 the Gargoyle Berserker began the quest for the
                  | Orb.
     0 | D:1      | Reached XP level 1. HP: 14/14 MP: 1/1
   345 | D:1      | Reached XP level 2. HP: 10/19 MP: 2/2
  1413 | D:2      | Found a faded altar of an unknown god.
  1574 | D:2      | Reached XP level 3. HP: 23/23 MP: 3/3
  1602 | D:2      | Reached ** piety under Trog
  2171 | D:3      | Found a shadowy altar of Dithmenos.
  2188 | D:3      | Killed from afar by an orc priest

Illustrated notes

Levels and vault maps discovered:
D:1:      heliophobic_arrival_glass_houses, layout_rooms
D:2:      layout_basic, shapermc_ecumenical_altar_pompeii,
          minmay_goblin_kobold_house
D:3:      layout_rooms, mainiacjoe_overflow_boulevard, portal_sewer_entry_f

Action                   || total
-------------------------++-------
Melee: Mace              ||    91
       Punch             ||     1
       Morningstar       ||     8
Armor: Animal skin       ||    11
       Ring mail         ||    43
Dodge: Dodged            ||    62

Table legend: (Time is in decaauts)
 A = Elapsed time spent in this place.
 B = Non-inter-level travel time spent in this place.
 C = Inter-level travel time spent in this place.
 D = Time resting spent in this place.
 E = Time spent auto-exploring this place.
 F = Levels seen in this place.
 G = Mean time per level.
                   A        B        C        D        E       F      G
               +--------+--------+--------+--------+--------+-----+--------+
         Total |   2210 |   2210 |      0 |      0 |   1774 |   3 |  736.7 |
       Dungeon |   2210 |   2210 |      0 |      0 |   1774 |   3 |  736.7 |
               +--------+--------+--------+--------+--------+-----+--------+

Top non-repeatable levels by time:
     D:1: 1107 daAuts
     D:2: 1055 daAuts
     D:3: 47 daAuts
